 Dungeon Crawl Stone Soup version 0.31-a0-931-g7b59d4eb97 (webtiles) character file.

Game seed: 2514386577848233195

36 Persephone the Ruffian (level 3, 0/48 HPs)
             Began as a Troll Shapeshifter on Oct 19, 2023.
             Was a Follower of Wu Jian.
             Slain by a gnoll
             ... wielding a +0 club
              (3 damage)
             ... on level 2 of the Dungeon.
             The game lasted 00:02:18 (558 turns).

Persephone the Ruffian (Troll Shapeshifter)          Turns: 558, Time: 00:02:18

Health: 0/48       AC: 21    Str: 22    XL:     3   Next: 19%
Magic:  2/2        EV:  1    Int:  6    God:    Wu Jian [*.....]
Gold:   47         SH:  7    Dex: 11    Spells: 2/2 levels left

rFire   . .          .
                       - Unarmed
rCold   . . .        l - +0 kite shield
rNeg    . . .        a - melded +0 animal skin
rPois   +            (helmet currently unavailable)
rElec   .            (cloak currently unavailable)
rCorr   .            (gloves unavailable)
SInv    .            (boots unavailable)
Will    .....        (no amulet)
Stlth   +            (no ring)
HPRegen 1.08/turn    (no ring)
MPRegen 0.08/turn

%: no passive effects
@: lethally poisoned (0 -> 0), tree-form
A: stationary, stasis, torment immunity, boosted hp, large, unfitting armour,
(claws 3), regeneration 1, (shaggy fur 1), (tough skin 1)
a: Renounce Religion


You were on level 2 of the Dungeon.
You worshipped Wu Jian.
Wu Jian was aware of your devotion.
You were a tree.
You visited 1 branch of the dungeon, and saw 2 of its levels.

You collected 47 gold pieces.

Inventory:

Missiles
 j - 6 boomerangs (quivered)
Armour
 a - a +0 animal skin (melded)
 e - a +0 tower shield
 l - a +0 kite shield (worn)
Talismans
 c - a beast talisman
 d - a flux talisman
Scrolls
 f - a scroll of teleportation {unknown}
 g - a scroll of fear {unknown}
 h - 2 scrolls of identify {unknown}
 i - a scroll of immolation {unknown}
Potions
 k - a potion of degeneration {unknown}


   Skills:
 - Level 0.7 Fighting
 - Level 1.5 Dodging
 + Level 3.8 Unarmed Combat
 + Level 3.5 Shapeshifting


You had 2 spell levels left.
You didn't know any spells.
Your spell library was empty.

Dungeon Overview and Level Annotations

Branches:
Dungeon (2/15)

Altars:
Wu Jian


Innate Abilities, Weirdness & Mutations

You are a tree.
Your roots penetrate the ground, keeping you stationary.
You cannot be teleported.
You are immune to unholy pain and torment.
Your maximum health is greatly increased.
Your equipment is partially melded.
You are too large for most types of armour.
((You have claws for hands.))
Your natural rate of healing is unusually fast.
((You are covered in fur. (AC +1)))
((You have tough skin. (AC +1)))


Message History

There are monsters nearby!
There are monsters nearby!
An adder comes into view.
The gnoll shouts!
The adder hisses angrily.
You hear a shout!
A gnoll comes into view. It is wielding a +0 spear.
You lunge at the gnoll.
You claw the gnoll!
The gnoll is heavily wounded.
You block the gnoll's attack.
You lunge at the gnoll.
You completely miss the gnoll.
You spin and attack the gnoll.
You barely miss the gnoll.
The gnoll is heavily wounded.
The gnoll hits you with a +0 club. The gnoll hits you with a +0 spear.
The gnoll hits you from afar with a +0 spear.
You scratch the gnoll.
The gnoll is moderately wounded.
The gnoll hits you with a +0 club. The adder bites you.
You are poisoned.
The adder poisons you! You block the gnoll's attack.
The gnoll hits you but does no damage.
You scratch the gnoll but do no damage.
The gnoll is moderately wounded.
You feel sick. The adder bites you.
You are more poisoned.
The adder poisons you! The gnoll hits you with a +0 club.
* * * LOW HITPOINT WARNING * * *
The gnoll hits you from afar with a +0 spear.
* * * LOW HITPOINT WARNING * * *
The gnoll closely misses you.
Your transformation has ended.
You turn into a tree.
Your +0 animal skin melds into your body.
Your roots penetrate the ground.
You feel very sick. The adder bites you but does no damage.
The gnoll hits you but does no damage. The gnoll barely misses you.
The gnoll hits you but does no damage. The adder bites you but does no damage.
You smack the gnoll!
The gnoll is severely wounded.
You feel sick. The gnoll hits you with a +0 club.
You die...

.#..........................#
........#..##...............#
...........#.>........#######
...##...####.#........#
...##..†# #$#........#
.........###.#........#
.............#........#
......$........>.S....##
...#............♣g..?....#
.............#.g.#.......#
#..............g##.......#
....... ........# .###...
#.......# #... #.......# ....
....... ###..


You could see 3 gnolls and an adder.

Vanquished Creatures
  A gnoll (D:1)
  2 dart slugs (D:1)
  3 endoplasms
  3 hobgoblins (D:1)
  A quokka (D:2)
  2 ball pythons (D:1)
  2 frilled lizards (D:1)
  3 goblins (D:1)
  2 kobolds
  4 rats
23 creatures vanquished.

Notes
Turn   | Place    | Note
-------+----------+-------------------------------------------
     0 | D:1      | Persephone the Troll Shapeshifter began the quest for the
                  | Orb.
     0 | D:1      | Reached XP level 1. HP: 18/18 MP: 0/0
    96 | D:1      | Reached XP level 2. HP: 24/26 MP: 1/1
   137 | D:1      | Found a faded altar of an unknown god.
   157 | D:1      | Prayed at the altar of an unknown god.
   157 | D:1      | Became a worshipper of the Wu Jian Council
   157 | D:1      | Reached * piety under Wu Jian
   300 | D:1      | Reached XP level 3. HP: 32/32 MP: 2/2
   558 | D:2      | Slain by a gnoll

Illustrated notes

Levels and vault maps discovered:
D:1:      onia_arrival_handbag, layout_rooms, ebering_ecumenical_altar_hall,
          chequers_serial_rivers_small_3
D:2:      layout_rooms, serial_shops, shop, nicolae_the_louvre

Action                     || total
---------------------------++-------
  Melee: Unarmed           ||    49
  Throw: Boomerang         ||     9
Ability: Lunge             ||     4
         Whirlwind         ||     1
    Use: Potion            ||     1
 Armour: Animal skin       ||    32
         Skin              ||     5
  Dodge: Dodged            ||    18
  Block: Tower shield      ||     9
         Kite shield       ||     2

Table legend: (Time is in decaauts)
 A = Elapsed time spent in this place.
 B = Non-inter-level travel time spent in this place.
 C = Inter-level travel time spent in this place.
 D = Time resting spent in this place.
 E = Time spent auto-exploring this place.
 F = Levels seen in this place.
 G = Mean time per level.
                   A        B        C        D        E       F      G
               +--------+--------+--------+--------+--------+-----+--------+
         Total |    571 |    533 |     38 |      0 |    357 |   2 |  285.5 |
       Dungeon |    571 |    533 |     38 |      0 |    357 |   2 |  285.5 |
               +--------+--------+--------+--------+--------+-----+--------+

Top non-repeatable levels by time:
     D:1: 501 daAuts
     D:2: 69 daAuts
